[Event "Rodostosah WGM 2019"]
[Site "Tekirdag"]
[Date "2019.02.13"]
[Round "6.8"]
[White "Eric, Jovana"]
[Black "Duran, Esma Doga"]
[Result "1-0"]
[ECO "C00"]
[WhiteElo "2222"]
[BlackElo "2005"]
[Annotator "NA"]
[PlyCount "63"]
[EventDate "2019.02.08"]
[EventType "schev"]
[EventCountry "TUR"]
[SourceTitle "playchess.com"]
[Source "ChessBase"]
[SourceQuality "1"]
[TimeControl "5400+30"]

1. e4 e6 2. d3 d5 3. Nd2 Nc6 4. c3 Nf6 5. Ngf3 dxe4 6. dxe4 e5 {C00: French: Unusual White 2nd moves} 7. b4 Bd6 8. Qc2 a5 $146 ({Predecessor:} 8... O-O 9. Nc4 a5 10. b5 Nb8 11. h3 Nbd7 12. Be3 Bc5 13. Rd1 Qe7 14. Be2 Bxe3 15. Nxe3 {0-1 (57) Czebe,A (2484)-Torma,R (2492) Budapest 2017}) 9. b5 Ne7 10. Nc4 Ng6 11. Nxd6+ Qxd6 12. Be2 O-O 13. a4 c5 14. O-O b6 15. Re1 Bb7 16. Bc4 Rad8 17. Bg5 h6 18. Rad1 Qe7 19. Bxf6 Qxf6 20. Bd5 Bxd5 21. exd5 Rfe8 22. Qe4 Qd6 (22... Qf4 $1 $11 {keeps the balance.}) 23. h4 $14 (23. Nd2 $16) 23... Qd7 24. h5 f5 25. Qc4 e4 26. hxg6 exf3 27. d6+ Kh8 28. Qf7 Rf8 29. Re7 Rxf7 30. gxf7 Qxe7 31. dxe7 Rxd1+ 32. Kh2 1-0

[Event "Rodostosah WGM 2019"]
[Site "Tekirdag"]
[Date "2019.02.13"]
[Round "6.9"]
[White "Dimitrijevic, Aleksandra"]
[Black "Anacoglu, Cisel"]
[Result "0-1"]
[ECO "C44"]
[WhiteElo "2175"]
[BlackElo "1962"]
[Annotator "NA"]
[PlyCount "122"]
[EventDate "2019.02.08"]
[EventType "schev"]
[EventCountry "TUR"]
[SourceTitle "playchess.com"]
[Source "ChessBase"]
[SourceQuality "1"]
[TimeControl "5400+30"]

1. e4 e5 2. Nf3 Nc6 3. Be2 g6 4. O-O {C44: Ponziani Opening and Scotch Gambit} Bg7 5. c3 Nf6 6. d3 h6 (6... O-O 7. b4 a6 8. Nbd2 Re8 9. Bb2 d5 10. a4 Bg4 11. b5 Na5 12. h3 Bxf3 13. Bxf3 dxe4 14. dxe4 {½-½ (74) Movsesian,S (2653)-Wang,Y (2718) Huaian 2016}) 7. b4 a6 $146 ({Predecessor:} 7... d6 8. Qc2 O-O 9. Re1 Nh5 10. b5 Nb8 11. d4 Qf6 12. dxe5 dxe5 {½-½ (12) Weiss,W (2189)-Rudnizki,S (2165) Germany 2014}) 8. Re1 O-O 9. a3 d5 10. Nbd2 Kh7 11. Qc2 dxe4 12. dxe4 Nh5 13. Nc4 f5 14. Rd1 Qf6 15. Bd3 f4 16. Ne1 g5 17. a4 g4 18. f3 Qg6 (18... g3 $5 19. h3 Be6 $15) 19. Nd2 Bf6 20. fxg4 Bxg4 21. Ndf3 Ng7 (21... Be7 $11) 22. Ba3 Rh8 23. b5 axb5 24. axb5 Nd8 25. Bc5 Rxa1 26. Rxa1 Nge6 27. Bf2 Rg8 28. Bf1 Nf7 29. Ra7 Nd6 30. c4 Nxe4 31. Bh4 N6c5 32. Kh1 Ng5 $2 (32... Bxf3 33. Bxf6 Bd1) 33. Nxg5+ hxg5 $19 ({Resist} 33... Bxg5 34. Bf2 $17) 34. Bf2 Ne4 35. Rxb7 Bf5 36. Rxc7+ Kh8 37. Kg1 Nd6 38. Qb2 Ne8 39. Rc6 Be4 40. Ra6 Nc7 41. Rd6 Ne8 42. Rb6 g4 43. Bh4 Qf5 44. Qf2 Bg7 45. Be7 Qh5 46. Rb8 Bh6 47. Qh4 Qxh4 48. Bxh4 Nc7 49. Bf6+ Bg7 50. Bxg7+ Kxg7 51. Rxg8+ Kxg8 52. c5 Ne6 53. c6 Nc5 54. c7 Bb7 55. Bd3 e4 56. Be2 f3 57. Bc4+ Kf8 58. Kf2 Ke7 59. Bd5 Bc8 60. Ke3 Kd6 61. Kd4 f2 0-1

[Event "Rodostosah WGM 2019"]
[Site "Tekirdag"]
[Date "2019.02.13"]
[Round "6.10"]
[White "Prohorov, Olexandr"]
[Black "Sade, Defne"]
[Result "1-0"]
[ECO "D18"]
[WhiteElo "2146"]
[BlackElo "1916"]
[Annotator "NA"]
[PlyCount "75"]
[EventDate "2019.02.08"]
[EventType "schev"]
[EventCountry "TUR"]
[SourceTitle "playchess.com"]
[Source "ChessBase"]
[SourceQuality "1"]
[TimeControl "5400+30"]

1. d4 d5 2. c4 c6 3. Nf3 Nf6 4. Nc3 dxc4 5. a4 Bf5 6. e3 e6 7. Bxc4 Bb4 8. O-O Nbd7 9. Qb3 a5 10. Na2 c5 {D18: Slav Defence: 5 a4 Bf5 6 e3} (10... Be7 11. Qxb7 Rb8 12. Qa6 Ra8 13. Qxc6 Rc8 14. Qa6 Ra8 15. Qc6 Rc8 16. Qa6 Ra8 17. Qc6 Rc8 {½-½ (17) Rozum,I (2573)-Volkov,S (2568) Khanty-Mansiysk 2018}) 11. Nxb4 cxb4 12. Bd3 Bxd3 13. Qxd3 O-O 14. Rd1 $146 ({Predecessor:} 14. Qb5 Qb6 15. Qxb6 Nxb6 16. Bd2 Rac8 17. b3 Ne4 18. Rfc1 {1-0 (56) Studnicka,T-Cervinka,M (2119) Czechia 2000}) 14... Rc8 15. e4 Qc7 16. e5 Nd5 17. Ng5 Qc2 18. Qf3 N7b6 19. Rd2 Qg6 20. h4 h6 21. Ne4 Nc4 22. Rd3 $15 ({White should try} 22. Re2 $11) 22... f6 23. Qe2 fxe5 24. Rg3 Qh7 25. Nc5 b6 26. Nxe6 Rf7 27. b3 Nc3 28. Rxc3 bxc3 29. bxc4 Qf5 30. d5 e4 31. Be3 Rf6 32. Rc1 Rg6 33. Rxc3 Qf6 34. Bd4 Qxh4 35. Be5 Qe7 36. Qxe4 Qe8 37. Qf5 Kh7 38. Nf4 1-0

[Event "Rodostosah WGM 2019"]
[Site "Tekirdag"]
[Date "2019.02.15"]
[Round "8.6"]
[White "Eric, Jovana"]
[Black "Caglar, Sila"]
[Result "1-0"]
[ECO "B20"]
[WhiteElo "2222"]
[BlackElo "2062"]
[Annotator "NA"]
[PlyCount "67"]
[EventDate "2019.02.08"]
[EventType "schev"]
[EventCountry "TUR"]
[SourceTitle "playchess.com"]
[Source "ChessBase"]
[SourceQuality "1"]
[TimeControl "5400+30"]

1. e4 c5 2. d3 g6 3. g3 Bg7 4. Bg2 Nc6 5. f4 e6 6. Nf3 d5 7. Nbd2 Nge7 8. O-O O-O 9. c3 Rb8 10. exd5 exd5 11. Re1 Bf5 12. Nb3 d4 13. cxd4 cxd4 14. Nc5 Re8 15. Nh4 Qa5 16. Ne4 Be6 17. Bd2 Qb6 18. g4 Rbd8 19. f5 gxf5 20. gxf5 Nxf5 21. Bg5 Ne3 22. Qe2 Rd5 23. Nf6+ Bxf6 24. Bxf6 Ne7 25. Bxd5 Bxd5 26. Rf1 Ng6 27. Nf5 Qe6 28. Ng7 Qh3 29. Nxe8 Nf5 30. Be5 Bc6 31. Nf6+ Kf8 32. Nxh7+ Qxh7 33. Rxf5 Qh4 34. Raf1 1-0

[Event "Rodostosah WGM 2019"]
[Site "Tekirdag"]
[Date "2019.02.15"]
[Round "8.7"]
[White "Dimitrijevic, Aleksandra"]
[Black "Kocyigit, Buse Naz"]
[Result "1-0"]
[ECO "D72"]
[WhiteElo "2175"]
[BlackElo "2023"]
[Annotator "NA"]
[PlyCount "71"]
[EventDate "2019.02.08"]
[EventType "schev"]
[EventCountry "TUR"]
[SourceTitle "playchess.com"]
[Source "ChessBase"]
[SourceQuality "1"]
[TimeControl "5400+30"]

1. d4 Nf6 2. c4 g6 3. g3 Bg7 4. Bg2 d5 5. cxd5 Nxd5 6. e4 Nb6 7. Ne2 c5 8. d5 e6 9. Nbc3 exd5 10. exd5 O-O 11. O-O Bf5 12. Be3 Na6 13. b3 Qd7 14. Re1 Rac8 15. a3 h6 16. Qd2 Kh7 17. Rad1 Rfe8 18. Nf4 c4 19. b4 Na4 20. Bd4 Bxd4 21. Qxd4 Nxc3 22. Qxc3 Nc7 23. Qxc4 Nb5 24. Qf1 Nxa3 25. h3 Qd6 26. Re3 Rxe3 27. fxe3 Qxb4 28. g4 Bc2 29. Nh5 Qe7 30. d6 Qxe3+ 31. Kh1 gxh5 32. Qxf7+ Kh8 33. d7 Rd8 34. Qf6+ Kh7 35. Qxd8 Bxd1 36. Qe8 1-0

[Event "Rodostosah WGM 2019"]
[Site "Tekirdag"]
[Date "2019.02.15"]
[Round "8.8"]
[White "Prohorov, Olexandr"]
[Black "Duran, Esma Doga"]
[Result "1/2-1/2"]
[ECO "D45"]
[WhiteElo "2146"]
[BlackElo "2005"]
[Annotator "NA"]
[PlyCount "61"]
[EventDate "2019.02.08"]
[EventType "schev"]
[EventCountry "TUR"]
[SourceTitle "playchess.com"]
[Source "ChessBase"]
[SourceQuality "1"]
[TimeControl "5400+30"]

1. d4 d5 2. c4 c6 3. Nc3 Nf6 4. e3 e6 5. Nf3 Nbd7 6. Qc2 Be7 7. Bd3 dxc4 8. Bxc4 b5 9. Bd3 Bb7 10. a3 a6 11. b4 Bd6 12. O-O O-O 13. h3 Qe7 14. Ng5 h6 15. Nge4 Bc7 16. Nc5 Nxc5 17. dxc5 Rad8 18. Bb2 e5 19. Rad1 Bc8 20. Bf5 Be6 21. Ne2 Nd5 22. Ng3 Qf6 23. Bxe6 Qxe6 24. Qf5 Qe7 25. e4 Nf4 26. Qg4 Qg5 27. Qf3 h5 28. Nf5 Rxd1 29. Rxd1 Rd8 30. Nd6 Bxd6 31. Rxd6 1/2-1/2

[Event "Rodostosah WGM 2019"]
[Site "Tekirdag"]
[Date "2019.02.15"]
[Round "8.9"]
[White "Shkuran, Danylo"]
[Black "Anacoglu, Cisel"]
[Result "1-0"]
[ECO "E61"]
[WhiteElo "2368"]
[BlackElo "1962"]
[Annotator "NA"]
[PlyCount "89"]
[EventDate "2019.02.08"]
[EventType "schev"]
[EventCountry "TUR"]
[SourceTitle "playchess.com"]
[Source "ChessBase"]
[SourceQuality "1"]
[TimeControl "5400+30"]

1. d4 Nf6 2. c4 g6 3. Nf3 Bg7 4. Nc3 O-O 5. e3 d6 6. Be2 c5 7. O-O Na6 8. b3 Bd7 9. Bb2 Rb8 10. Qd2 Nc7 11. a4 b6 12. Rfd1 Bc6 13. Qc2 e6 14. dxc5 bxc5 15. Nb5 Be4 16. Qc1 Nxb5 17. axb5 Qe7 18. Bc3 Ne8 19. Ra2 Ra8 20. Qb2 Bxc3 21. Qxc3 f5 22. Nd2 Qf6 23. Nxe4 fxe4 24. Qxf6 Rxf6 25. Rda1 Rf7 26. Bg4 Re7 27. Ra6 h5 28. Bd1 d5 29. cxd5 exd5 30. Rxg6+ Ng7 31. Rc6 Ne6 32. Bxh5 d4 33. Bg4 Nc7 34. Rxc5 d3 35. Kf1 Rh7 36. h3 Re7 37. Ke1 Kg7 38. Kd2 Rf8 39. f3 exf3 40. gxf3 Ra8 41. b6 Ne6 42. Re5 Kf6 43. Rxe6+ Rxe6 44. Bxe6 Kxe6 45. bxa7 1-0

[Event "Rodostosah WGM 2019"]
[Site "Tekirdag"]
[Date "2019.02.15"]
[Round "8.10"]
[White "Brankovic, Dejan"]
[Black "Sade, Defne"]
[Result "1-0"]
[ECO "C44"]
[WhiteElo "2318"]
[BlackElo "1916"]
[Annotator "NA"]
[PlyCount "195"]
[EventDate "2019.02.08"]
[EventType "schev"]
[EventCountry "TUR"]
[SourceTitle "playchess.com"]
[Source "ChessBase"]
[SourceQuality "1"]
[TimeControl "5400+30"]

1. e4 e5 2. Nf3 Nc6 3. c3 Nf6 4. d4 d6 5. Bd3 Be7 6. O-O O-O 7. Nbd2 Re8 8. h3 Bf8 9. Re1 g6 10. dxe5 dxe5 11. Bc4 Be6 12. Bxe6 Rxe6 13. Qb3 b6 14. Ng5 Re7 15. Nc4 h6 16. Qa4 Qe8 17. Nf3 Rd8 18. b3 Re6 19. Bb2 Nd7 20. b4 Nf6 21. Qc2 a6 22. Rad1 Rxd1 23. Rxd1 b5 24. Ne3 Rd6 25. Rxd6 Bxd6 26. a3 Nb8 27. c4 c6 28. c5 Bc7 29. Nh2 Nbd7 30. Nhg4 h5 31. Nh2 Nh7 32. Nf3 Qe7 33. Bc3 Nhf8 34. a4 Kh7 35. axb5 axb5 36. Qa2 f6 37. Qa8 Nb8 38. g3 Qd7 39. Qa2 Qe6 40. Qa7 Qd7 41. Kg2 Ne6 42. Qa2 Nf8 43. Qc2 Ne6 44. Qb3 Nf8 45. Bb2 Qe6 46. Qa3 Qd7 47. Bc1 Ne6 48. Nc2 Bd8 49. Bd2 Be7 50. Qa8 Qc7 51. Be3 Bf8 52. Na1 Qc8 53. Nb3 Nd8 54. Na5 Qc7 55. Nb3 Qb7 56. Qa2 Qf7 57. Qd2 Qd7 58. Qb2 Bg7 59. Qc2 Qf7 60. Na5 Qd7 61. Bd2 Bf8 62. Bc3 Bg7 63. Nb3 Ne6 64. Qb1 Nd8 65. Bd2 Qe6 66. Na5 Qd7 67. Bc3 Qe6 68. Bxe5 Nd7 69. Bc3 Nf7 70. Qd3 Nde5 71. Bxe5 fxe5 72. Qb3 Qxb3 73. Nxb3 Kg8 74. Na5 Nd8 75. Kf1 Kf7 76. Ke2 Ke6 77. Kd3 Bf6 78. Ke3 Bg7 79. h4 Kd7 80. Kd3 Ke6 81. Ng5+ Kf6 82. f4 Ke7 83. Nf3 exf4 84. gxf4 Ke6 85. Nb3 Bb2 86. Nbd4+ Ke7 87. Ne5 Kf6 88. Nexc6 Nxc6 89. Nxc6 Bc1 90. e5+ Kf7 91. Ke4 Bd2 92. f5 Be1 93. e6+ Kf6 94. fxg6 Kxg6 95. Nd4 Bxb4 96. c6 Ba5 97. Nxb5 Kf6 98. c7 1-0

[Event "Rodostosah WGM 2019"]
[Site "Tekirdag"]
[Date "2019.02.16"]
[Round "10.6"]
[White "Prohorov, Olexandr"]
[Black "Caglar, Sila"]
[Result "0-1"]
[ECO "B22"]
[WhiteElo "2146"]
[BlackElo "2062"]
[Annotator "NA"]
[PlyCount "58"]
[EventDate "2019.02.08"]
[EventType "schev"]
[EventCountry "TUR"]
[SourceTitle "playchess.com"]
[Source "ChessBase"]
[SourceQuality "1"]
[TimeControl "5400+30"]

1. e4 c5 2. c3 Nf6 3. e5 Nd5 4. Nf3 d6 5. d4 cxd4 6. Qxd4 e6 7. Nbd2 a6 8. Nc4 Nc6 9. Qe4 $11 dxe5 10. Ncxe5 Nxe5 11. Nxe5 Bd6 12. Bd3 Nf6 13. Qa4+ b5 14. Bxb5+ axb5 15. Qxb5+ Kf8 16. Nc4 Ba6 17. Qc6 Be7 18. Be3 Qd5 19. Qxd5 Nxd5 20. Nb6 Nxb6 21. Bxb6 Rb8 22. Be3 Rxb2 23. O-O-O Rb7 24. Rd4 Ba3+ 25. Kd2 Rb2+ 26. Kd1 Ke7 27. Bc1 Rxa2 28. Ra4 Rd8+ 29. Ke1 Re2+ 0-1

[Event "Rodostosah WGM 2019"]
[Site "Tekirdag"]
[Date "2019.02.16"]
[Round "10.7"]
[White "Shkuran, Danylo"]
[Black "Kocyigit, Buse Naz"]
[Result "1-0"]
[ECO "B01"]
[WhiteElo "2368"]
[BlackElo "2023"]
[Annotator "NA"]
[PlyCount "43"]
[EventDate "2019.02.08"]
[EventType "schev"]
[EventCountry "TUR"]
[SourceTitle "playchess.com"]
[Source "ChessBase"]
[SourceQuality "1"]
[TimeControl "5400+30"]

1. e4 d5 2. exd5 Qxd5 3. Nc3 Qd6 4. d4 Nf6 5. Bc4 c6 6. Nf3 Bg4 7. h3 Bxf3 8. Qxf3 Qxd4 9. Qe2 Nbd7 10. Be3 Qe5 11. O-O-O e6 12. f4 Qc7 13. f5 e5 {[#]} 14. Bxf7+ $1 Kxf7 15. Qc4+ Ke8 {[#]} 16. Nb5 $1 Qc8 $18 (16... Qd8 $142) 17. Qe6+ Kd8 18. Nxa7 Qc7 19. Rxd7+ Qxd7 20. Bb6+ Qc7 21. Rd1+ Nd5 22. Rxd5+ 1-0

[Event "Rodostosah WGM 2019"]
[Site "Tekirdag"]
[Date "2019.02.16"]
[Round "10.8"]
[White "Brankovic, Dejan"]
[Black "Duran, Esma Doga"]
[Result "1-0"]
[ECO "A05"]
[WhiteElo "2318"]
[BlackElo "2005"]
[Annotator "NA"]
[PlyCount "113"]
[EventDate "2019.02.08"]
[EventType "schev"]
[EventCountry "TUR"]
[SourceTitle "playchess.com"]
[Source "ChessBase"]
[SourceQuality "1"]
[TimeControl "5400+30"]

1. Nf3 Nf6 2. g3 b5 3. Bg2 Bb7 4. O-O e6 5. d3 c5 6. e4 d5 7. exd5 Qxd5 8. a4 b4 9. Nbd2 Be7 10. Nc4 Qd8 11. Re1 O-O 12. Nfd2 Bxg2 13. Kxg2 Qd5+ 14. Qf3 Nc6 15. Nb3 Qxf3+ 16. Kxf3 Nd4+ 17. Nxd4 cxd4 $14 18. b3 Nd5 19. Bb2 Nc3 20. Bxc3 dxc3 21. a5 Bc5 22. a6 Rfd8 23. Re5 Rd5 24. Ra5 Rc8 25. Rxd5 exd5 26. Ne3 Bxe3 27. fxe3 Rc6 28. Rxd5 Kf8 29. Ra5 Ke7 30. d4 Rf6+ 31. Ke2 Rh6 32. h4 Rg6 33. Rb5 Rxa6 34. Rxb4 Rg6 35. Rb7+ Ke8 36. Kf3 Rf6+ 37. Kg2 Re6 38. Rxa7 Rxe3 39. Kf2 Re4 40. Rc7 Rxd4 41. Rxc3 Ke7 42. Ke3 Rg4 43. Kf3 h5 44. Rc5 Rg6 45. Rxh5 Rf6+ 46. Ke4 Rg6 47. Rg5 Rc6 48. c4 Rb6 49. Rb5 Rg6 50. Rb7+ Ke8 51. Kf3 Rf6+ 52. Kg2 Rd6 53. c5 Rd2+ 54. Kf3 Rd3+ 55. Kf4 Rc3 56. b4 g6 57. g4 1-0

[Event "Rodostosah WGM 2019"]
[Site "Tekirdag"]
[Date "2019.02.16"]
[Round "10.9"]
[White "Eric, Jovana"]
[Black "Anacoglu, Cisel"]
[Result "0-1"]
[ECO "D02"]
[WhiteElo "2222"]
[BlackElo "1962"]
[Annotator "NA"]
[PlyCount "90"]
[EventDate "2019.02.08"]
[EventType "schev"]
[EventCountry "TUR"]
[SourceTitle "playchess.com"]
[Source "ChessBase"]
[SourceQuality "1"]
[TimeControl "5400+30"]

1. d4 Nf6 2. Nf3 g6 3. Nbd2 d5 4. e3 Bg7 5. b4 a5 6. b5 c5 7. bxc6 bxc6 8. Be2 O-O 9. Ba3 Re8 10. O-O Nbd7 11. c4 Ne4 12. Nxe4 dxe4 13. Nd2 Nf6 14. Rb1 h5 15. Qc2 Qc7 16. Rb2 e5 17. Nxe4 Nxe4 18. Qxe4 Bf5 $17 19. Qf3 exd4 20. exd4 Bxd4 21. Rd2 Rad8 22. Bd1 Be4 23. Qh3 Be5 24. Bc1 Bf5 25. Qb3 Bxh2+ 26. Kh1 Be5 27. Bf3 Rxd2 28. Bxd2 Qd8 29. Rd1 Qh4+ 30. Kg1 Bh2+ 31. Kf1 Be5 32. Be3 Rb8 33. Bb6 a4 34. Qe3 Qxc4+ 35. Kg1 Qe6 36. Qc5 Bg7 37. g3 Bf8 38. Qd4 Bg7 39. Qc5 Bf8 40. Qa5 Bg4 41. Re1 Qf5 42. Bxc6 Qf6 43. Ba7 Qxc6 44. Bxb8 Bh3 45. f3 Qc2 0-1

[Event "Rodostosah WGM 2019"]
[Site "Tekirdag"]
[Date "2019.02.16"]
[Round "10.10"]
[White "Dimitrijevic, Aleksandra"]
[Black "Sade, Defne"]
[Result "1-0"]
[ECO "A06"]
[WhiteElo "2175"]
[BlackElo "1916"]
[Annotator "NA"]
[PlyCount "131"]
[EventDate "2019.02.08"]
[EventType "schev"]
[EventCountry "TUR"]
[SourceTitle "playchess.com"]
[Source "ChessBase"]
[SourceQuality "1"]
[TimeControl "5400+30"]

1. Nf3 d5 2. d3 c6 (2... c5 3. g3 Nc6 4. Bg2 e5 5. O-O Be7 6. c4 d4 7. e3 Nf6 8. exd4 exd4 9. Bg5 O-O 10. Re1 h6 11. Bxf6 Bxf6 12. Nbd2 Bf5 13. Ne4 Be7 14. a3 Qc7 15. Nfd2 Rae8 16. f4 Bc8 {0-1 (49) Ponkratov,P (2630)-Yilmaz,M (2636) St Petersburg 2018}) 3. c3 Nf6 4. h3 Bf5 5. Bf4 h6 6. Nbd2 {A06: Réti Opening:1 Nf3 d5} Nbd7 7. Qc2 $146 ({Predecessor:} 7. g4 Bg6 8. Bg2 e6 9. O-O Be7 10. Qc2 {1-0 (52) Nguyen,T (2362)-Le,K (2250) Ho Chi Minh City 2009}) 7... e6 8. g4 Bg6 9. Bg2 Be7 10. Bg3 a5 11. a4 O-O 12. O-O b5 13. e4 dxe4 14. dxe4 Qb6 15. Kh1 Nc5 16. Ne5 Bh7 $1 17. b4 Nb7 18. bxa5 Rxa5 19. Rfb1 Qa6 20. axb5 $14 cxb5 21. Rxa5 Nxa5 22. Qb2 Nc4 23. Nexc4 bxc4 24. Qb7 Qxb7 25. Rxb7 Rd8 26. Nxc4 Bf8 27. f3 Rd3 28. Rb8 Rxc3 29. Nb6 Rd3 30. Bf2 Rb3 31. e5 Rxb6 32. Rxb6 Nd7 33. Rb5 Bd3 34. Ra5 Bb4 35. Ra8+ Kh7 36. f4 Nc5 37. Rb8 Na6 38. Rd8 Bb1 39. Kh2 Bc5 40. Be1 Be3 41. Kg3 g5 42. fxg5 hxg5 43. Kf3 Bf4 44. Bg3 Bxg3 45. Kxg3 Nc5 46. Rc8 Nd7 47. Rc1 Bg6 48. Re1 Nc5 49. Kf3 Nd3 50. Re3 Nf4 51. Bf1 Nd5 52. Rb3 Kg7 53. Rb7 Nc3 54. Ra7 Ne4 55. Ke3 Nc3 56. Bc4 Kh6 57. Kd4 Ne4 58. Bd3 Nf2 59. Bxg6 Kxg6 60. Ra3 Nd1 61. Rf3 Nb2 62. Kc5 Na4+ 63. Kb5 Nb2 64. Kb4 Kg7 65. Kb3 Nd1 66. Kc2 1-0